Map: Lerilak Crest

Players

Aeromi - Winner!

  • Race: Terran Terran

Kantuva

  • Race: Zerg Zerg

VOD

Have the link to the VOD?

Description

Time

  • Played on: April 1, 2015, 1:56 a.m.
  • Length: 2:16
Show
View Real Time Build Order
Export as new Build Order

Aeromi Terran - Winner!

Build Orders:  

Get SALT Encoding   

  12  0:01  SCV  
  13  0:13  SCV  
  14  0:18  Supply Depot  
  14  0:33  SCV  
  15  1:06  SCV, Barracks  
  15  1:08  Barracks  
  15  1:10  Barracks  
  16  1:18  SCV  
  16  1:20  Supply Depot  
  17  1:31  SCV  
  18  1:54  Marine  
  18  1:55  Marine  
  18  1:57  Marine  
  21  2:13  Bunker  
Show
View Real Time Build Order
Export as new Build Order

Kantuva Zerg 

Build Orders: Hatch First 

Get SALT Encoding   

  12  0:01  Drone  
  13  0:10  Drone  
  14  0:19  Overlord  
  14  0:38  Drone x3  
  17  0:49  Drone  
  18  1:01  Hatchery  
  17  1:06  Drone  
  17  1:07  Extractor  
  17  1:20  Drone, Spawning Pool  
  17  1:30  Drone  
  18  1:39  Drone  
  19  1:55  Drone  
  19  1:56  Drone  
Tags
 
Add a new tag
Caveats
  • Supply blocks, unpowered buildings, or Contaminate may cause inaccurate times.
  • Supply counts are checked every 10 seconds.